 Dungeon Crawl Stone Soup version 0.31.0-1-g2c135a0 (webtiles) character file.

Game seed: 15315042052790871748

490 jagoly the Chopper (level 7, -1/43 HPs)
             Began as a Gargoyle Monk on Jan 25, 2024.
             Was a Believer of the Shining One.
             Killed by divine providence
             ... invoked by an orc priest
              (10 damage)
             ... on level 5 of the Dungeon.
             The game lasted 00:14:15 (1551 turns).

jagoly the Chopper (Gargoyle Monk)                  Turns: 1551, Time: 00:14:15

Health: -1/43      AC: 14    Str: 16    XL:     7   Next: 14%
Magic:  7/7        EV: 11    Int: 11    God:    the Shining One [**....]
Gold:   194        SH:  0    Dex: 12    Spells: 6/6 levels left

rFire   . . .        a - +0 hand axe
rCold   . . .        d - orb {light}
rNeg    + + .        j - +0 ring mail
rPois   ∞            r - +0 helmet
rElec   +            u - +0 cloak
rCorr   .            x - +0 pair of gloves
SInv    .            (no boots)
Will    .....        l - amulet of regeneration
Stlth   +            (no ring)
HPRegen 1.07/turn    (no ring)
MPRegen 0.10/turn

%: no passive effects
@: glowing
A: sickness immunity, AC +4, negative energy resistance 1, electricity
resistance, torment resistance 1, petrification resistance
a: Renounce Religion, Divine Shield


You were on level 5 of the Dungeon.
You worshipped the Shining One.
The Shining One was pleased with you.
You visited 2 branches of the dungeon, and saw 7 of its levels.

You collected 194 gold pieces.

Inventory:

Hand Weapons
 a - a +0 hand axe (weapon)
 o - a +0 sling
 p - a +2 flail of holy wrath
 s - a +0 trident
Missiles
 g - 3 poisoned darts
 i - 14 stones (quivered)
Armour
 d - an orb of light (worn)
 h - a +0 chain mail
 j - a +0 ring mail (worn)
 r - a +0 helmet (worn)
 u - a +0 cloak (worn)
 x - a +0 pair of gloves (worn)
Jewellery
 l - an amulet of regeneration (around neck)
Wands
 v - a wand of light (4)
Scrolls
 b - a scroll of fear {unknown}
 e - 3 scrolls of fog {unknown}
 f - a scroll of blinking {unknown}
 m - 2 scrolls of identify {unknown}
 q - a scroll of teleportation {unknown}
 t - a scroll of revelation {unknown}
 w - a scroll of poison {unknown}
Potions
 c - a potion of ambrosia
 k - a potion of berserk rage {unknown}
 n - a potion of curing {unknown}
 z - a potion of mutation {unknown}


   Skills:
 - Level 4.0 Fighting
 * Level 5.6 Axes
 - Level 4.0 Armour
 - Level 2.4 Dodging
 - Level 2.0 Stealth


You had 6 spell levels left.
You didn't know any spells.
Your spell library contained the following spells:

 Spells                   Type           Power      Damage    Failure   Level
 Dazzling Flash           Conj/Hex       0%         N/A       88%         3
 Mephitic Cloud           Conj/Alch/Air  0%         N/A       88%         3
 Tukima's Dance           Hex            0%         N/A       88%         3
 Dimensional Bullseye     Hex/Tloc       0%         N/A       99%         4
 Iskenderun's Mystic Bla  Conj/Tloc      0%         2d3       99%         4
 Curse of Agony           Necr           0%         N/A       100%        5
 Silence                  Hex/Air        0%         N/A       100%        5


Dungeon Overview and Level Annotations

Branches:
Dungeon (6/15) Zot: 26715  Temple (1/1) D:5 Zot: 5945

Altars:
Ashenzari
Cheibriados
Dithmenos
Elyvilon
Gozag
Hepliaklqana
Makhleb
Nemelex Xobeh
Okawaru
Qazlal
Ru
Sif Muna
Trog
Uskayaw
Wu Jian
Xom
Yredelemnul
Zin
The Shining One


Innate Abilities, Weirdness & Mutations

You are immune to sickness and miasma.
Your stone body is resilient. (AC +4)
You are immune to poison.
You resist negative energy. (rN+)
You are resistant to electric shocks. (rElec)
You are resistant to unholy torment.
You are immune to petrification.


Message History

You kill the giant cockroach!
You hit the ribbon worm. The ribbon worm completely misses you.
You hit the ribbon worm.
You kill the ribbon worm!
You hit the orc.
The orc is lightly wounded.
The orc closely misses you.
You hit the orc.
The orc is almost dead.
The orc hits you with a +0 club.
You hit the orc.
You kill the orc!
No target in view!
No target in view!
No target in view!
Found 17 gold pieces.
You see here a giant cockroach corpse.
m - 2 scrolls labelled VEMYJO XEALU (gained 1)
You see here a giant cockroach corpse.
Found a cloak and a scale mail.
Found a stone staircase leading down.
Found a shiny bronze wand.
A phantom comes into view.
You see here 17 gold pieces.
You now have 141 gold pieces (gained 17).
Found a scroll labelled BITEOSEMAMO.
An orc comes into view. It is wielding a +0 hand axe.
The orc shouts!
An orc comes into view. It is wielding a +0 club.
An orc comes into view. It is wielding a +0 flail.
An orc wizard comes into view. It is wielding a +0 dagger.
The orc shouts!
You hear a shout! x2
You see here a +0 cloak.
u - a +0 cloak The orc hits you but does no damage.
You see here a +0 scale mail.
You slash the orc!
You kill the orc!
The orc hits you but does no damage.
You completely miss the orc. The orc barely misses you.
You barely miss the orc. The orc hits you but does no damage.
You hit the phantom but do no damage. You hit the orc.
The orc barely misses you.
The phantom hits you but does no damage.
You hit the orc.
The orc is moderately wounded.
You hit the phantom. The orc hits you but does no damage. The phantom hits you.
You hit the orc but do no damage.
The orc is moderately wounded.
You hit the phantom. The orc hits you with a +0 club.
The phantom hits you but does no damage.
You hit the orc.
The orc is almost dead.
You hit the phantom. The orc hits you but does no damage.
The phantom misses you.
You hit the phantom but do no damage.
The phantom is moderately damaged.
You hit the orc.
You kill the orc!
The phantom hits you but does no damage.
You hit the phantom but do no damage.
The phantom is moderately damaged.
The phantom hits you but does no damage.
You hit the phantom but do no damage.
The phantom is moderately damaged.
The phantom barely misses you. The phantom misses you.
You hit the phantom.
The phantom is heavily damaged.
The phantom hits you.
The phantom blinks!
You blink.
An orc comes into view. It is wielding a +0 morningstar.
You closely miss the phantom.
The phantom is heavily damaged.
The orc shouts!
The phantom barely misses you.
The orc wizard shouts!
You hit the phantom but do no damage.
The phantom is heavily damaged.
The phantom misses you.
You hit the phantom.
The phantom is severely damaged.
The orc wizard casts a spell.
The orc wizard flickers and vanishes!
Deactivating autopickup; reactivate with Ctrl-A.
The phantom hits you but does no damage.
You hit the phantom.
The phantom is almost destroyed.
The phantom barely misses you.
You hit the phantom.
You destroy the phantom!
You hit the orc.
The orc is heavily wounded.
The orc hits you but does no damage.
You hit the orc.
The orc is almost dead.
The orc closely misses you.
You hit the orc.
You kill the orc!
The orc wizard points at you and mumbles some strange words.
You resist with some effort.
Things that are here:
a +0 morningstar; an orc corpse The orc wizard closely misses you.
You hit the orc wizard.
The orc wizard is lightly wounded.
The orc wizard barely misses you.
You hit the orc wizard.
The orc wizard is moderately wounded.
The orc wizard points at you and mumbles some strange words.
The puff of flame hits you.
You closely miss the orc wizard.
The orc wizard is moderately wounded.
The orc wizard hits you but does no damage.
An orc priest comes into view. It is wielding a +0 club.
The orc wizard hits you but does no damage.
The orc shouts!
You hit the orc wizard but do no damage.
The orc wizard is moderately wounded.
The orc wizard hits you but does no damage.
The orc priest calls down the wrath of Beogh upon you.
Pain shoots through your body!
You slash the orc wizard!
The orc wizard is almost dead.
The orc wizard points at you and mumbles some strange words.
The puff of flame hits you but does no damage.
You barely miss the orc wizard.
The orc wizard is almost dead.
The orc wizard casts a spell at you. The magic dart hits you.
You hit the orc wizard.
You kill the orc wizard!
Reactivating autopickup.
The orc priest looks braver for a moment.
Training target 4.0 for Armour reached!
Your Armour skill increases to level 4!
You hit the orc but do no damage.
The orc priest looks braver for a moment.
The orc hits you but does no damage.
You hit the orc but do no damage. The orc barely misses you.
You barely miss the orc. The orc closely misses you.
You hit the orc priest.
The orc priest is heavily wounded.
You hit the orc but do no damage. The orc priest hits you with a +0 club.
The orc barely misses you.
You slash the orc priest!
The orc priest is almost dead.
You hit the orc but do no damage.
The orc priest hits you but does no damage.
The orc completely misses you.
You hit the orc priest.
The orc priest is almost dead.
You hit the orc. The orc priest misses you.
The orc hits you but does no damage.
You barely miss the orc priest.
The orc priest is almost dead.
You hit the orc.
You kill the orc!
The orc priest barely misses you.
You hit the orc priest but do no damage.
The orc priest is almost dead.
The orc priest barely misses you.
You hit the orc priest.
You kill the orc priest!
Your Axes skill increases to level 5!
Unknown command.
Things that are here:
a +0 morningstar; an orc corpse
Things that are here:
a +0 club; a +0 leather armour
Things that are here:
a +0 hand axe; an orc corpse You see here a +0 scale mail.
Okay, then.
Press: ? - help, v - describe, . - travel, g - get item Item here: a +0 scale mail.
The floor.
This square is lit by a halo.
Things that are here:
a +0 hand axe; an orc corpse A hobgoblin comes into view.
The hobgoblin shouts!
You hear a bark!
A hound comes into view.
The hound barks!
The hobgoblin hits you.
You hit the hobgoblin.
The hobgoblin is moderately wounded.
The hobgoblin barely misses you.
You hit the hobgoblin but do no damage.
The hobgoblin is moderately wounded.
The hobgoblin barely misses you.
You hit the hobgoblin but do no damage.
The hobgoblin is moderately wounded.
The hobgoblin hits you but does no damage.
You hit the hobgoblin.
The hobgoblin is heavily wounded.
You barely miss the hound. The hound bites you but does no damage.
The hobgoblin closely misses you.
You hit the hobgoblin.
The hobgoblin is almost dead.
You hit the hound. The hound bites you. The hound bites you but does no damage.
The hobgoblin hits you but does no damage.
You hit the hobgoblin.
You kill the hobgoblin!
You hit the hound. The hound barely misses you. x2
You barely miss the hound.
The hound is heavily wounded.
The hound bites you but does no damage.
You completely miss the hound.
The hound is heavily wounded.
The hound bites you but does no damage. x2
You closely miss the hound.
The hound is heavily wounded.
The hound bites you but does no damage. The hound bites you.
You hit the hound.
The hound is severely wounded.
The hound bites you.
You hit the hound but do no damage.
The hound is severely wounded.
The hound bites you but does no damage. x2
You hit the hound.
The hound is almost dead.
The hound bites you but does no damage.
You closely miss the hound.
The hound is almost dead.
The hound bites you but does no damage. The hound closely misses you.
You barely miss the hound.
The hound is almost dead.
The hound misses you.
You barely miss the hound.
The hound is almost dead.
The hound bites you. The hound closely misses you.
You hit the hound.
You kill the hound!
No target in view!
v - a wand of light (4)
Things that are here:
a +0 ring mail; a hobgoblin corpse
e - 3 scrolls labelled BITEOSEMAMO (gained 1)
There is a stone staircase leading down here.
You climb downwards.
Found 15 gold pieces and a scroll labelled IHEPUBB QITZ.
Found an escape hatch in the ceiling.
There is a stone staircase leading up here.
Found a book of Weapons.
You now have 156 gold pieces (gained 15).
w - a scroll labelled IHEPUBB QITZ
Found a stone staircase leading down.
You pick up a book of Weapons and begin reading...
You add the spells Tukima's Dance, Dimensional Bullseye and Iskenderun's Mystic Blast to your library.
Found a pair of gloves.
You see here a +0 pair of gloves.
You start putting on your armour.
You continue putting on your +0 pair of gloves. x4
You finish putting on your +0 pair of gloves.
You start putting on your armour.
You continue putting on your +0 cloak. x4
You finish putting on your +0 cloak.
You drop a +0 robe.
As you open the door, it creaks loudly!
Found 4 gold pieces.
Found a staircase to the Ecumenical Temple.
There is an open door here.
There is a staircase to the Ecumenical Temple here.
You now have 160 gold pieces (gained 4).
There is a staircase to the Ecumenical Temple here.
You climb downwards.
Welcome to the Ecumenical Temple!
Found a staircase back to the Dungeon.
There is a staircase back to the Dungeon here.
Search for what [Enter for "axe", or ? for help]? .
Found a shadowy altar of Dithmenos.
Found a basalt altar of Yredelemnul and an opulent altar of Gozag.
Found a bloodstained altar of Trog.
Found a glowing silver altar of Zin.
Found a glowing golden altar of the Shining One.
There is a glowing golden altar of the Shining One here.
You kneel at the altar of the Shining One.
The Shining One welcomes you!
You and your allies can now gain power from killing the unholy and evil.
You can now call upon the Shining One for a divine shield.
There is a staircase back to the Dungeon here.
You climb upwards.
Welcome back to the Dungeon!
There is a staircase to the Ecumenical Temple here.
You open the door.
There is an open door here.
You open the door.
There is an open door here.
Found 10 gold pieces.
Found a stone staircase leading up.
You now have 170 gold pieces (gained 10).
Found 12 gold pieces.
You now have 182 gold pieces (gained 12).
Found a scroll labelled PURHUI IPRU.
b - a scroll labelled PURHUI IPRU
Found a stone staircase leading down.
There is a stone staircase leading down here.
You climb downwards.
There is a stone staircase leading up here.
You climb upwards.
There is a stone staircase leading down here.
You open the door.
There is an open door here.
Found a bubbling blue potion and a sling.
z - a bubbling blue potion A gnoll comes into view.
It is wielding a +0 flail.
The gnoll shouts!
The gnoll moves out of view.
A gnoll comes into view.
It is wielding a +0 club and quivering a throwing net.
The gnoll shouts!
You see here a +0 sling.
A gnoll comes into view. It is wielding a +0 spear.
The gnoll shouts!
The gnoll throws a throwing net.
The throwing net hits you.
You become entangled in the net!
You see here a throwing net.
You struggle against the net.
You tear a large gash into the net.
You rip the net and break free!
The gnoll hits you with a +0 club.
You hit the gnoll.
The gnoll is lightly wounded.
The gnoll barely misses you.
You hit the gnoll but do no damage.
The gnoll is lightly wounded.
The gnoll hits you but does no damage.
You hit the gnoll.
The gnoll is heavily wounded.
The gnoll barely misses you.
You hit the gnoll.
The gnoll is severely wounded.
The gnoll hits you but does no damage.
You hit the gnoll but do no damage.
The gnoll is severely wounded.
The gnoll hits you with a +0 club.
You hit the gnoll.
You kill the gnoll!
You hit the gnoll.
The gnoll is moderately wounded.
The gnoll barely misses you. The gnoll hits you but does no damage.
You hit the gnoll.
The gnoll is severely wounded.
The gnoll hits you with a +0 flail. The gnoll completely misses you.
You hit the gnoll.
The gnoll is almost dead.
The gnoll closely misses you. The gnoll hits you but does no damage.
You barely miss the gnoll.
The gnoll is almost dead.
The gnoll hits you with a +0 flail. The gnoll barely misses you.
You hit the gnoll.
You kill the gnoll!
The gnoll hits you from afar with a +0 spear.
The gnoll closely misses you.
Items here: )) ††.
You barely miss the gnoll. The gnoll hits you with a +0 spear.
You hit the gnoll but do no damage. The gnoll misses you.
You completely miss the gnoll. The gnoll hits you but does no damage.
You hit the gnoll.
The gnoll is moderately wounded.
The gnoll hits you but does no damage.
You hit the gnoll.
The gnoll is heavily wounded.
The gnoll hits you but does no damage.
You barely miss the gnoll.
The gnoll is heavily wounded.
The gnoll hits you but does no damage.
You hit the gnoll.
The gnoll is severely wounded.
The gnoll closely misses you.
You hit the gnoll.
You kill the gnoll!
You have reached level 7!
Things that are here:
a +0 spear; a gnoll corpse HP restored.
Found a stone staircase leading up.
An iguana comes into view.
The iguana hisses angrily.
You hear a shout!
An iguana and a hobgoblin come into view.
The iguana hisses angrily.
The hobgoblin shouts!
You hit the iguana.
The iguana is moderately wounded.
You hit the hobgoblin but do no damage. The hobgoblin hits you.
You hit the iguana.
The iguana is heavily wounded.
You hit the iguana. You hit the hobgoblin. The iguana bites you.
The iguana bites you! The hobgoblin closely misses you.
The iguana closely misses you.
The iguana bites you but does no damage.
You hit the iguana.
The iguana is almost dead.
You hit the iguana. You barely miss the hobgoblin.
The hobgoblin hits you but does no damage.
The iguana closely misses you. The iguana bites you!
You slash the iguana!
You kill the iguana!
You hit the iguana but do no damage. You barely miss the hobgoblin.
The hobgoblin misses you. The iguana barely misses you.
You hit the hobgoblin.
You kill the hobgoblin!
You hit the iguana. The iguana barely misses you.
You barely miss the iguana.
The iguana is heavily wounded.
The iguana closely misses you.
You hit the iguana but do no damage.
The iguana is heavily wounded.
The iguana barely misses you.
You hit the iguana.
The iguana is severely wounded.
The iguana bites you but does no damage.
You hit the iguana.
The iguana is severely wounded.
The iguana barely misses you.
You hit the iguana.
You kill the iguana!
No target in view!
No target in view!
You now have 194 gold pieces (gained 12).
You see here a hobgoblin corpse.
HP restored.
There is a stone staircase leading up here.
You climb upwards.
There is a stone staircase leading down here.
You climb downwards.
There is a stone staircase leading up here.
There is an open door here.
There is a stone staircase leading up here.
You climb upwards.
There is a stone staircase leading down here.
A kobold comes into view. It is wielding a +0 short sword.
The kobold moves out of view.
Found a ring mail.
A kobold is nearby!
A kobold is nearby!
Throw: 3 darts (poison)
Press: ? - help, Q - select action, (/) - cycle Shift-Dir - straight line, f - kobold
Aim: a kobold, wielding a +0 short sword (47% to hit)
Okay, then.
Throw: 17 stones
Press: ? - help, Q - select action, (/) - cycle Shift-Dir - straight line, f - kobold
Aim: a kobold, wielding a +0 short sword (47% to hit)
You throw a stone. The stone hits the kobold.
The kobold is moderately wounded.
Throw: 16 stones
Press: ? - help, Q - select action, (/) - cycle Shift-Dir - straight line, f/p - kobold
Aim: a kobold, wielding a +0 short sword (47% to hit)
You throw a stone. The stone misses the kobold.
Throw: 15 stones
Press: ? - help, Q - select action, (/) - cycle Shift-Dir - straight line, f/p - kobold
Aim: a kobold, wielding a +0 short sword (47% to hit)
You throw a stone.
The stone hits the kobold but does no damage.
You see here a +0 ring mail.
You hit the kobold.
The kobold is severely wounded.
The kobold hits you but does no damage.
You hit the kobold.
You kill the kobold!
Things that are here:
a +0 short sword; a kobold corpse
Press: ? - help, . - travel You can't see that place. [a stone staircase leading down.]
There is a stone staircase leading down here.
You climb downwards.
There is a stone staircase leading up here.
Press: ? - help, v - describe, . - travel A stone staircase leading up.
This square is lit by a halo.
Press: ? - help, v - describe, . - travel A stone staircase leading up.
This square is lit by a halo.
You open the door.
There is an open door here.
There is an open door here.
There is a stone staircase leading down here.
Found a chain mail.
Found an escape hatch in the floor. 2 orcs come into view.
The orc shouts! x2; You hear a shout!
An orc priest comes into view. It is wielding a +0 club.
An orc priest comes into view. It is wielding a +0 short sword.
An orc priest comes into view.
It is wielding a +0 dagger and wearing the ring "Deha Gylica" {Wiz *Slow rN++ rCorr Dex+3}.
The orc priest shouts! x2
The orc priest invokes the aid of Beogh against you.
Beogh smites you!
The orc priest calls down the wrath of Beogh upon you.
Beogh smites you!
* * * LOW HITPOINT WARNING * * *
Okay, then.
Okay, then.
Okay, then.
Okay, then.
Unknown command.
Unknown command.
Unknown command.
Unknown command.
Unknown command.
The orc priest invokes the aid of Beogh against you.
Beogh smites you!
* * * LOW HITPOINT WARNING * * *
Unknown command.
Unknown command.
Unknown command.
The orc priest calls down the wrath of Beogh upon you.
Beogh smites you!
You die...

##.########...........
#..........>..########
#.............#
#.[...........#
#.............#
#.............#
#.............#
#.............#
#....@........#
#.............#
#####.............#
..................#
..................#
....o.o...########
.....o....#
......o.o.#
..........#


You could see 3 orc priests and 2 orcs.

Vanquished Creatures
  A phantom (D:4)
  2 hounds (D:4)
  3 orc priests
  2 iguanas (D:5)
  2 orc wizards
  5 adders
  3 gnolls (D:5)
  3 dart slugs
  2 ribbon worms
  16 orcs
  5 ball pythons
  9 endoplasms
  A giant cockroach (D:4)
  2 goblins (D:1)
  7 hobgoblins
  4 jackals (D:1)
  2 quokkas
  3 bats
  3 frilled lizards
  6 kobolds
  A rat (D:3)
82 creatures vanquished.

Notes
Turn   | Place    | Note
-------+----------+-------------------------------------------
     0 | D:1      | jagoly the Gargoyle Monk began the quest for the Orb.
     0 | D:1      | Reached XP level 1. HP: 14/14 MP: 1/1
    74 | D:1      | Reached skill level 1 in Stealth
    91 | D:1      | Reached XP level 2. HP: 19/19 MP: 2/2
   167 | D:1      | Reached skill level 3 in Axes
   209 | D:1      | Found a faded altar of an unknown god.
   309 | D:1      | Reached XP level 3. HP: 13/23 MP: 3/3
   508 | D:3      | Reached skill level 1 in Armour
   531 | D:3      | Reached XP level 4. HP: 29/29 MP: 4/4
   630 | D:3      | Reached XP level 5. HP: 10/33 MP: 5/5
   737 | D:4      | Reached skill level 4 in Axes
   795 | D:3      | Found a sacrificial altar of Ru.
   845 | D:4      | Reached XP level 6. HP: 38/38 MP: 6/6
   958 | D:4      | Reached skill level 5 in Axes
  1033 | D:5      | Entered Level 5 of the Dungeon
  1097 | D:5      | Found a staircase to the Ecumenical Temple.
  1108 | Temple   | Entered the Ecumenical Temple
  1135 | Temple   | Became a worshipper of the Shining One
  1135 | Temple   | Reached * piety under the Shining One
  1135 | Temple   | Reached ** piety under the Shining One
  1333 | D:5      | Reached XP level 7. HP: 37/43 MP: 7/7
  1548 | D:5      | Identified the ring "Deha Gylica" {Wiz *Slow rN++ rCorr
                  | Dex+3}
  1551 | D:5      | Killed from afar by an orc priest

Illustrated notes

Levels and vault maps discovered:
D:1:      lemuel_arrival_river_ford, layout_loops_ring,
          dreamdust_ecumenical_altar_angels_and_demons, serial_glass,
          glass_columns_b, glass_columns_b, minivault_24, nicolae_wormholes
D:2:      layout_basic
D:3:      layout_basic, lemuel_crystal_altar
D:4:      layout_rooms
D:5:      layout_basic, temple_green
D:6:      layout_basic, tgw_fedhas, serial_curves, eino_curves_04,
          eino_curves_04, nicolae_shop_unique_rings
Temple:   hc_temple_tempest_star

Skill      XL: |  1  2  3  4  5  6 |
---------------+-------------------+-----
Stealth        | 1 2 |  2.0
Axes           | 3 4 5 |  5.6
Armour         | 1 2 3 4 |  4.0
Fighting       | 4 |  4.0
Dodging        | |  2.4

Action                     |  1- 3 |  4- 6 |  7- 9 || total
---------------------------+-------+-------+-------++-------
  Melee: Hand axe          |   112 |   196 |    12 ||   320
  Throw: Dart              |       |     2 |       ||     2
         Stone             |       |       |     3 ||     3
 Armour: Robe              |    23 |       |       ||    23
         Ring mail         |    43 |   133 |     8 ||   184
  Dodge: Dodged            |    69 |   111 |     9 ||   189
